 Dungeon Crawl Stone Soup version 0.19.0-2-gae57169 (webtiles) character file.

2263 Khazard the Slicer (level 9, -5/81 HPs)
             Began as a High Elf Hunter on Nov 5, 2016.
             Was a Follower of Cheibriados.
             Slain by an ogre
             ... wielding a +0 giant club
              (12 damage)
             ... on level 7 of the Dungeon.
             The game lasted 00:09:00 (5311 turns).

Khazard the Slicer (High Elf Hunter)                Turns: 5311, Time: 00:09:01

Health: -5/81      AC: 24    Str: 15    XL:     9   Next: 15%
Magic:  0/12       EV:  2    Int: 17    God:    Cheibriados [*.....]
Gold:   208        SH:  0    Dex: 25    Spells: 1 memorised, 7 levels left

rFire  . . .     SeeInvis .     n - staff of air (curse)
rCold  . . .     Gourm    .     (armour currently unavailable)
rNeg   + + +     Faith    .     (no shield)
rPois  +         Spirit   .     (helmet currently unavailable)
rElec  +         Reflect  .     (cloak currently unavailable)
rCorr  .         Harm     .     (gloves currently unavailable)
MR     .....     NoTele   +     (boots currently unavailable)
Stlth  +++.......               (no amulet)
                                (no ring)
                                h - ring of flight

@: agile, tree-form, very slightly contaminated, drained, very slow
A: (horns 0)
a: Bend Time, Renounce Religion


You were on level 7 of the Dungeon.
You worshipped Cheibriados.
Cheibriados was aware of your devotion.
You were not hungry.
You were a tree.
You visited 1 branch of the dungeon, and saw 7 of its levels.
You also visited: Ossuary.

You collected 208 gold pieces.

Inventory:

Hand Weapons
 a - the +4 dagger of Gelyecuh {elec, rPois rN+}
   (You found it on level 4 of the Dungeon)

   Occasionally, upon striking a foe, it will discharge some electrical energy
   and cause terrible harm.
   It protects you from poison.
   It protects you from negative energy.
 b - a +2 shortbow
 j - a +0 short sword
 k - a +2 dagger of draining
 J - a +6 dagger of pain
Missiles
 d - 38 arrows
Armour
 c - a +0 leather armour
 e - a +0 ring mail
 l - a +0 helmet
 r - a +1 pair of boots (melded)
 s - a +0 pair of gloves (melded)
 C - a +1 helmet
 K - a +2 robe (melded)
Magical Staves
 n - a cursed staff of air (weapon)
Jewellery
 h - a ring of flight (left branch)
 w - an uncursed ring of ice
Wands
 m - a wand of acid (0/15)
 t - a wand of disintegration (6/24)
 I - a wand of slowing (21/48)
 L - a wand of flame (0/48)
Scrolls
 g - 5 scrolls of identify
 o - a scroll of enchant weapon
 y - a scroll of noise
 z - 3 scrolls of immolation
Potions
 p - 6 potions of flight
 u - 3 potions of curing
 v - a potion of resistance
 x - a potion of beneficial mutation
 A - a potion of heal wounds
Books
 E - a book of Necromancy

   Spells                             Type                      Level
   a - Pain                           Necromancy                   1
   b - Animate Skeleton               Necromancy                   1
   c - Vampiric Draining              Necromancy                   3
   d - Regeneration                   Charms/Necromancy            3
   e - Animate Dead                   Necromancy                   4
   f - Control Undead                 Necromancy                   4
Comestibles
 f - a bread ration
 i - 2 meat rations
 F - 5 fruits


   Skills:
 - Level 2.0(1.9) Fighting
 + Level 10.0 Short Blades
 - Level 8.5(8.4) Bows
 * Level 7.2 Dodging
 - Level 1.1(1.0) Stealth
 + Level 3.2 Invocations


You had 7 spell levels left.
You knew the following spells:

 Your Spells              Type           Power        Failure   Level  Hunger
a - Pain                  Necr           #...         24%         1    ##.....


Dungeon Overview and Level Annotations

Branches:
Dungeon (7/15)             Temple (0/1) D:7

Altars:
Cheibriados
Gozag
Kikubaaqudgha
Makhleb
The Shining One


Innate Abilities, Weirdness & Mutations

((You have a pair of small horns on your head.))


Message History

The ogre hits you but does no damage.
Casting: Pain
Confirm with . or Enter, or press ? or * to list all spells.
You don't know that spell.
Unknown command.
Casting: Pain
Confirm with . or Enter, or press ? or * to list all spells.
Aiming: Pain
Press: ? - help, Shift-Dir - straight line, f/p - ogre
Aim: an ogre, wielding a giant club (heavily wounded, chance to defeat MR: 32%)
You miscast Pain.
Strange energies run through your body. The ogre hits you with a giant club!!
* * * LOW HITPOINT WARNING * * *
Casting: Pain
Confirm with . or Enter, or press ? or * to list all spells.
Aiming: Pain
Press: ? - help, Shift-Dir - straight line, f/p - ogre
Aim: an ogre, wielding a giant club (heavily wounded, chance to defeat MR: 32%)
You miscast Pain.
You smell decay.
The ogre hits you with a giant club!
You die...

#.....#.#.#.#.#.#.#.#.#
#.#.###.##.#.#.#.#.#.#. #
#...#.#.#.#.#.#.#. ##
####.#.#.#.#.#.#.#>
...###.#.#.#.#.#.#.#.#.
.......#.#.#.#.#.#.#.#.#.
.......'#.#.#.#.#.#.#.#.#
.......#.#.#.#.#.#.#.#.#
.......'#.#.#♣#.#.#.#.#
###........#.#O#.#.#.#
#.......#.#.#.#.#.#
#........#.#.#.#.#
#.###+#.#.#.#.#.# #.
##########.....O. #
##.##.. #


You could see an ogre.

Vanquished Creatures
  The ghost of WildSam the Cruncher, a novice DsCK of Xom (D:6)
  Sigmund (D:4)
  Edmund (D:5)
  Duvessa (D:5)
  2 ice beasts
  A sky beast (D:6)
  A phantom (D:4)
  2 centaurs (D:6)
  The ghost of Khazard the Archer, an amateur HEHu (D:3)
  Dowan (D:5)
  2 scorpions
  A wight (D:6)
  A crimson imp (D:5)
  A centaur zombie (Ossuary)
  2 human zombies (Ossuary)
  2 orc priests (D:6)
  3 hounds
  An orc wizard (D:5)
  6 worker ants
  2 big kobold zombies (Ossuary)
  A hound zombie (D:5)
  5 mummies
  3 gnolls (D:6)
  4 adders
  2 oozes
  5 worms
  4 leopard geckos
  6 orcs
  2 ball pythons (D:1)
  A bat zombie (D:5)
  5 giant cockroaches
  A gnoll zombie (Ossuary)
  6 hobgoblins
  6 jackals
  6 kobolds
  2 quokkas
  2 bats
  6 frilled lizards
  6 goblins
  A hobgoblin zombie (Ossuary)
  A kobold zombie (Ossuary)
  A leopard gecko skeleton (D:5)
  8 rats
  3 rat zombies (D:5)
120 creatures vanquished.

Notes
Turn   | Place    | Note
-------+----------+-------------------------------------------
     0 | D:1      | Khazard the High Elf Hunter began the quest for the Orb.
     0 | D:1      | Reached XP level 1. HP: 14/14 MP: 2/2
   211 | D:1      | Reached XP level 2. HP: 19/19 MP: 3/3
   779 | D:1      | Reached XP level 3. HP: 24/24 MP: 4/4
  1542 | D:3      | Noticed Khazard's ghost (amateur HEHu)
  1550 | D:3      | Killed Khazard's ghost
  1550 | D:3      | Reached XP level 4. HP: 29/29 MP: 5/5
  1618 | D:3      | Gained mutation: You have a pair of small horns on your head. [potion of beneficial mutation]
  1623 | D:3      | Reached XP level 5. HP: 9/34 MP: 6/6
  1868 | D:3      | Found an opulent altar of Gozag.
  2012 | D:3      | Reached skill level 1 in Short Blades
  2018 | D:3      | Found a burning altar of Makhleb.
  2165 | D:3      | Found a faded altar of an unknown god.
  2165 | D:3      | Found a faded altar of an unknown god.
  2170 | D:3      | Found a glowing golden altar of the Shining One.
  2172 | D:3      | Found a faded altar of an unknown god.
  2174 | D:3      | Found a faded altar of an unknown god.
  2330 | D:4      | Reached skill level 2 in Short Blades
  2343 | D:4      | Noticed Sigmund
  2345 | D:4      | Noticed a phantom
  2356 | D:4      | Killed Sigmund
  2356 | D:4      | Reached skill level 4 in Short Blades
  2356 | D:4      | Reached XP level 6. HP: 24/39 MP: 7/7
  2365 | D:4      | Reached skill level 5 in Short Blades
  2390 | D:4      | Got a crude dagger
  2391 | D:4      | Identified the +4 dagger of Gelyecuh {elec, rPois rN+} (You found it on level 4 of the Dungeon)
  2524 | D:4      | Reached skill level 6 in Short Blades
  2524 | D:4      | Reached XP level 7. HP: 32/45 MP: 8/8
  2650 | D:4      | Found a sand-covered staircase.
  2661 | Ossuary  | Entered an ossuary
  3071 | Ossuary  | Reached skill level 7 in Short Blades
  3725 | D:5      | Entered Level 5 of the Dungeon
  3739 | D:5      | Noticed Edmund
  3759 | D:5      | Killed Edmund
  3759 | D:5      | Reached skill level 8 in Short Blades
  3769 | D:5      | Reached XP level 8. HP: 36/50 MP: 9/9
  3891 | D:5      | Noticed Duvessa
  3892 | D:5      | Noticed Dowan
  3903 | D:5      | Killed Dowan
  3909 | D:5      | Killed Duvessa
  3909 | D:5      | Reached skill level 9 in Short Blades
  4082 | D:5      | Found an ancient bone altar of Kikubaaqudgha.
  4319 | D:5      | Found a snail-covered altar of Cheibriados.
  4340 | D:5      | Became a worshipper of Cheibriados the Contemplative
  4382 | D:6      | Reached skill level 5 in Dodging
  4598 | D:6      | Reached skill level 1 in Invocations
  4992 | D:6      | Noticed WildSam's ghost (novice DsCK)
  5001 | D:6      | Killed WildSam's ghost
  5001 | D:6      | Reached skill level 10 in Short Blades
  5001 | D:6      | Reached XP level 9. HP: 54/54 MP: 10/12
  5030 | D:6      | Reached * piety under Cheibriados
  5243 | D:7      | Found a staircase to the Ecumenical Temple.
  5284 | D:7      | Learned a level 1 spell: Pain
  5311 | D:7      | Slain by an ogre

Skill      XL: |  1  2  3  4  5  6  7  8 |
---------------+-------------------------+-----
Bows           | 6 8 |  8.5
Short Blades   | 4 6 8 10 | 10.0
Dodging        | 3 7 |  7.2
Invocations    | 3 |  3.2
Fighting       | |  2.0
Stealth        | |  1.1

Action                   |  1- 3 |  4- 6 |  7- 9 || total
-------------------------+-------+-------+-------++-------
Melee: Short sword       |       |    24 |       ||    24
       Dagger            |       |    70 |   224 ||   294
       Headbutt          |       |    15 |    32 ||    47
       Staff             |       |       |     8 ||     8
 Fire: Shortbow          |   105 |    19 |       ||   124
 Cast: Pain              |       |       |    11 ||    11
 Abil: Evoke Berserk Rag |       |       |     1 ||     1
Evoke: Wand              |       |     2 |    28 ||    30
  Use: Potion            |       |     6 |     9 ||    15
       Scroll            |       |    10 |     9 ||    19
 Stab: Distracted        |       |       |     1 ||     1
  Eat: Chunk             |     1 |       |     4 ||     5
       Bread ration      |       |     2 |     1 ||     3
Armor: Leather armour    |     7 |     3 |       ||    10
       Ring mail         |       |    28 |    26 ||    54
       Robe              |       |       |    14 ||    14
       Skin              |       |       |     3 ||     3
Dodge: Dodged            |    11 |    45 |    94 ||   150
